Unix NetHack Version 5.0.0-0 post-release - last build Jul 19 2026 19:10:59 (3aa4ab31751d3886436d94b585a96704892fd477,branch:main).

Game began 2026-07-27 14:13:49, ended 2026-07-27 14:28:49.

Jandor, neutral male human Wizard

                         ------------
                         |..........|
       ------------    ##...........|
       |..........|    # |..........|
       |..<.......|    # |:d.......[|
       |..........-#   # |(G@.)f....|
       --.---------#   # -.-------.--
         ##        #   #  ##
          ##       #   #
           #       ######
           #          # #
           ##         #
         ---|------.--#
         |...........|#
         |...........|#
         |...........|#
         |............#
         |...........|
         -------------

Jandor the Conjurer       St:13 Dx:14 Co:13 In:18 Wi:9 Ch:14  Neutral
Dlvl:3  $:91 HP:0(24) Pw:20(20) AC:9  Xp:3 T:1585 

Latest messages:
 The jackal is killed!
 There is a doorway here.
 You see here a jackal corpse.
 There is a jackal corpse here; eat it? [ynq] (n) y
 Blecch!  Rotten food!
 You finish eating the jackal corpse.
 You swap places with your kitten.
 You see here a locked chest.
 There is a locked chest here; force its lock? [ynq] (q) y
 You force your crude dagger into a crack and pry.
 You succeed in forcing the lock.
 $ - 66 gold pieces (91 in total).
 I - a scroll labeled ABRA KA DABRA.
 J - a red gem.
 K - 2 white gems.
 L - a white gem.
 The gnome throws a dart!
 The dart hits the kitten.
 The gnome throws a dart!
 You are hit by a dart.
 The kitten bites the gnome.
 The gnome hits the kitten.
 You swap places with your kitten.
 The kitten misses the gnome.
 You hit the gnome.
 The gnome hits!
 The kitten bites the gnome.
 The gnome is killed!
 You see here 2 darts.
 M - 2 darts.
 What do you want to eat? [DH or ?*] <esc>
 Never mind.
 The gnome throws a dagger!
 You are hit by a dagger.
 The gnome wields 3 daggers!
 You miss the gnome.
 The gnome thrusts one of his daggers.
 The gnome hits!
 You miss the gnome.
 You hit the jackal.
 The jackal bites!
 The gnome thrusts one of his daggers.
 The gnome hits!
 You miss the jackal.
 The jackal bites!
 The gnome thrusts one of his daggers.
 The gnome hits!
 You die...
 Do you want your possessions identified? [ynq] (y) n
 Do you want to see your attributes? [ynq] (y) q

Inventory:
 Coins    ('$')
  $ - 91 gold pieces
 Weapons  (')')
  B - 10 blessed +1 darts
  M - 2 cursed +0 darts
  G - a +0 dagger
  q - a +0 orcish dagger (weapon in right hand)
  w - a +0 flail
  a - a blessed +1 quarterstaff
 Armor    ('[')
  r - an uncursed +2 orcish helm
  C - an uncursed +0 alchemy smock with text "Don't make me poison you"
  b - an uncursed +0 cloak of magic resistance (being worn)
 Comestibles  ('%')
  H - an uncursed lembas wafer
  D - an uncursed tin of boiled kobold meat
 Scrolls  ('?')
  E - an uncursed scroll of confuse monster
  i - an uncursed scroll of enchant weapon
  j - an uncursed scroll of genocide
  k - a blessed scroll of gold detection
  I - an uncursed scroll of teleportation
 Spellbooks  ('+')
  m - an uncursed spellbook of cause fear
  l - a blessed spellbook of force bolt
  F - an uncursed spellbook of healing
 Potions  ('!')
  s - an uncursed potion of extra healing
  g - an uncursed potion of gain ability
  z - an uncursed potion of healing
  f - a blessed potion of levitation
  x - an uncursed potion of sleeping
  p - an uncursed potion of water
  A - a potion of unholy water
 Rings    ('=')
  d - an uncursed ring of cold resistance
  e - an uncursed ring of poison resistance (on right hand)
  t - an uncursed ring of stealth
 Wands    ('/')
  o - a wand of light (0:13)
  u - a wand of lightning (0:8)
  y - a wand of make invisible (0:7)
  c - a wand of striking (0:5)
 Tools    ('(')
  n - a magic marker (0:22)
 Gems/Stones  ('*')
  K - 2 uncursed fluorite stones
  J - an uncursed worthless piece of red glass
  L - an uncursed worthless piece of white glass

Jandor the Wizard's attributes:

Background:
 You were a Conjurer, a level 3 male human Wizard.
 You were neutral, on a mission for Thoth
 who was opposed by Ptah (lawful) and Anhur (chaotic).
 You were right-handed.
 You were in the Dungeons of Doom, on level 3.
 You entered the dungeon 1585 turns ago.
 You had 41 experience points, 39 more were needed to attain level 4.

Basics:
 You had 0 out of 24 hit points.
 You had all 20 energy points (spell power).
 Your armor class was 9.
 Your wallet contained 91 zorkmids.
 Autopickup was off.

Final Characteristics:
 Your strength was 13 (limit:18/100).
 Your dexterity was 14 (limit:18).
 Your constitution was 13 (limit:18).
 Your intelligence was 18 (limit:18).
 Your wisdom was 9 (limit:18).
 Your charisma was 14 (limit:18).

Final Status:
 You weren't hungry.
 You were unencumbered.
 You were wielding a dagger.
 You were unskilled in dagger.

Final Attributes:
 You were devoutly aligned.
 You were magic-protected.
 You were poison resistant.
 You were warded.
 You are dead.

Miscellaneous:
 You didn't encounter any bones levels.
 Total elapsed playing time was 15 minutes.

Major events:
 Turn
    1: Jandor the neutral male human Wizard entered the dungeon
 1466: attained the rank of Conjurer (level 3)
 1585: killed by a gnome

Spells:
 Name                 Level Category     Fail Retention
 force bolt             1   attack         0%  91%-100%
 cause fear             3   enchantment    0%  91%-100%

Skills:
 Fighting Skills
   bare handed combat [Unskilled]
   riding             [Unskilled]
 Weapon Skills
   dagger             [Unskilled]
   knife              [Unskilled]
   axe                [Unskilled]
   short sword        [Unskilled]
   club               [Unskilled]
   mace               [Unskilled]
   quarterstaff       [Basic]
   polearms           [Unskilled]
   spear              [Unskilled]
   trident            [Unskilled]
   sling              [Unskilled]
   dart               [Unskilled]
   shuriken           [Unskilled]
 Spellcasting Skills
   attack spells      [Basic]
   healing spells     [Unskilled]
   divination spells  [Unskilled]
   enchantment spells [Basic]
   clerical spells    [Unskilled]
   escape spells      [Unskilled]
   matter spells      [Unskilled]

Voluntary challenges:
 Character rerolling was not enabled.
 You were illiterate.
 You never genocided any monsters.
 You never polymorphed an object.
 You never changed form.
 You used no wishes.
Achievements:
 You entered a shop.
 You attained the rank of Conjurer.

 The Dungeons of Doom: levels 1 to 3
    Level 1:
       A fountain, a sink, a grave.
    Level 2:
       A general store.
    Level 3: <- You were here.
       Final resting place for
          you, killed by a gnome.


Vanquished creatures:
  a shrieker
 an acid blob
  a hobbit
  a large kobold
  a giant rat
  a gnome
  a gecko
  2 jackals
  a fox
  2 kobolds
  2 goblins
  a sewer rat
  2 grid bugs
  3 lichens
  6 newts
26 creatures vanquished.

No species were genocided or became extinct.

Game over:
                       ----------
                      /          \
                     /    REST    \
                    /      IN      \
                   /     PEACE      \
                  /                  \
                  |      Jandor      |
                  |      91 Au       |
                  |   killed by a    |
                  |      gnome       |
                  |                  |
                  |                  |
                  |       2026       |
                 *|     *  *  *      | *
        _________)/\\_//(\/(/\)/\//\/|_)_______

Goodbye Jandor the Wizard...

You died in The Dungeons of Doom on dungeon level 3 with 346 points,
and 91 pieces of gold, after 1585 moves.
You were level 3 with a maximum of 24 hit points when you died.

